 Dungeon Crawl Stone Soup version 0.17-a0-1951-g62301d3 (webtiles) character file.

161 Gargoyl the Skirmisher (level 5, -3/42 HPs)
             Began as a Demonspawn Abyssal Knight on Oct 3, 2015.
             Was a Priest of Lugonu.
             Slain by a wasp (7 damage)
             ... on level 4 of the Dungeon.
             The game lasted 00:05:17 (3357 turns).

Gargoyl the Skirmisher (Demonspawn Abyssal Knight)  Turns: 3357, Time: 00:05:17

Health: -3/42      AC: 10    Str: 13      XL:     5   Next: 18%
Magic:  7/7        EV:  6    Int: 10 (14) God:    Lugonu [***...]
Gold:   174        SH:  0    Dex: 12      Spells: 0 memorised, 4 levels left

rFire  . . .     SeeInvis .     a - +1 hand axe
rCold  . . .     Clarity  .     w - +0 chain mail
rNeg   . . .     SustAt   .     (no shield)
rPois  .         Gourm    .     v - +0 helmet
rElec  .         Spirit   .     (no cloak)
rCorr  .         Warding  .     (no gloves)
rMut   .         Stasis   .     (no boots)
MR     .....                    (no amulet)
Stlth  ..........               (no ring)
                                (no ring)

@: lethally poisoned (-3 -> -11), slowed, very slow, not resistant to hostile
enchantments, extremely unstealthy
A: demonic guardian 1
a: Depart the Abyss, Bend Space, Banish, Renounce Religion


You were on level 4 of the Dungeon.
You worshipped Lugonu.
Lugonu was most pleased with you.
You were not hungry.

You visited 1 branch of the dungeon, and saw 4 of its levels.
You visited the Abyss 1 time.

You collected 174 gold pieces.

Inventory:

Hand weapons
 a - a +1 hand axe (weapon)
 d - a +0 mace
Missiles
 o - 4 tomahawks (quivered)
Armour
 v - a +0 helmet (worn)
 w - a +0 chain mail (worn)
Scrolls
 b - 4 scrolls of teleportation {unknown}
 f - 2 scrolls of identify {unknown}
 h - a scroll of enchant weapon {unknown}
 k - a scroll of enchant armour {unknown}
 l - a scroll of remove curse {unknown}
 n - a scroll of immolation {unknown}
 q - 2 scrolls of magic mapping {unknown}
 r - a scroll of recharging {unknown}
 t - a scroll of fog {unknown}
 u - a scroll of noise {unknown}
Potions
 e - 2 potions of might {unknown}
 g - 2 potions of degeneration
 i - 2 potions of cancellation {unknown}
 m - a potion of invisibility {unknown}
 p - a potion of curing {unknown}
Comestibles
 c - 6 bread rations
 j - 2 fruits
 s - 2 meat rations


   Skills:
 + Level 3.8 Fighting
 + Level 2.4 Axes
 + Level 3.0 Armour
 + Level 2.2 Dodging
 + Level 3.1 Invocations


You had 4 spell levels left.
You didn't know any spells.

Dungeon Overview and Level Annotations

Branches:
Dungeon (4/15)
 Temple: D:4-7

Altars:
Ashenzari
Kikubaaqudgha


Innate Abilities, Weirdness & Mutations

A weak demonic guardian rushes to your aid.


Message History

The quokka bites your iron imp but does no damage.
Your iron imp hits the quokka!
The quokka dies!
Lugonu accepts your kill. The wasp stings you but does no damage.
* * * LOW HITPOINT WARNING * * *
You feel sick. The wasp stings you but does no damage.
Your iron imp barely misses the wasp.
You can move again.
Drink which item? (? for menu, Esc to quit)
It was a potion of degeneration.
There was something very wrong with that liquid.
You feel dopey.
* * * LOW HITPOINT WARNING * * *
You feel sick. The wasp stings you.
* * * LOW HITPOINT WARNING * * *
You feel as though you will be slow longer.
The wasp stings you but does no damage.
Your iron imp closely misses the wasp.
The wasp stings you!
You die...

#### ####### ####...#
......###### #....#.##
...........#######....._!.
......####......@y5...#.#
###.### #########†.....#
###.# #†....## .##.#
#.....# .##.#### #.....#
..†....###### #.....#
.##.##...(..# #.....#
..#.#######.########.###
#.... ####.......# ..


You could see a wasp and a friendly iron imp.

Vanquished Creatures
  Jessica (D:3)
  An orc wizard (D:4)
  Robin (D:3)
  An adder (D:3)
  2 oozes (D:1)
  2 worms
  2 giant geckos
  4 orcs
  A ball python (D:1)
  2 bats
  2 giant cockroaches
  10 goblins
  7 hobgoblins
  13 kobolds
  3 quokkas (D:3)
  3 giant newts
  8 jackals (D:3)
  4 rats
  A bush (D:3)
  A fungus (D:1)
  A plant (D:3)
70 creatures vanquished.

Vanquished Creatures (collateral kills)
  2 jackals (D:4)
  A quokka (D:4)
3 creatures vanquished.

Grand Total: 73 creatures vanquished

Notes
Turn   | Place    | Note
--------------------------------------------------------------
     0 | Abyss:1  | Gargoyl the Demonspawn Abyssal Knight began the quest for the Orb.
     0 | Abyss:1  | Reached XP level 1. HP: 18/18 MP: 2/2
    42 | Abyss:1  | Noticed a quasit
    57 | Abyss:1  | Noticed a smoke demon
    58 | D:1      | Escaped the Abyss
   517 | D:1      | Reached skill level 1 in Dodging
   517 | D:1      | Gained mutation: A weak demonic guardian rushes to your aid. [demonic ancestry]
   517 | D:1      | Reached XP level 2. HP: 10/24 MP: 3/3
   856 | D:1      | Acquired Lugonu's first power
  1304 | D:2      | Reached XP level 3. HP: 29/29 MP: 5/5
  2241 | D:3      | Acquired Lugonu's second power
  2605 | D:3      | Noticed Robin
  2606 | D:3      | Reached XP level 4. HP: 34/36 MP: 6/6
  2625 | D:3      | Killed Robin
  2676 | D:3      | Noticed Jessica
  2685 | D:3      | Killed Jessica
  3232 | D:4      | Acquired Lugonu's third power
  3241 | D:4      | Reached XP level 5. HP: 36/42 MP: 7/7
  3246 | D:4      | Found an ancient bone altar of Kikubaaqudgha.
  3341 | D:4      | Found a shattered altar of Ashenzari.
  3344 | D:4      | Noticed a wasp
  3355 | D:4      | Paralysed by a wasp for 2 turns
  3357 | D:4      | Slain by a wasp

Vault maps used:
D:1:      lemuel_arrival_room, minmay_gold_behind_fungi
D:2:      first_bread
D:3:      minmay_misc_feat_rows, lexackson_kobold_supper, uniq_jessica,
          uniq_robin
D:4:      kiku_gazebo_garden_becter, serial_shops, shop, ashenzari_altar_1

Action                   |  1- 3 |  4- 6 || total
-------------------------+-------+-------++-------
Melee: Hand axe          |   263 |    68 ||   331
Invok: Depart the Abyss  |     1 |       ||     1
  Use: Potion            |       |     1 ||     1
  Eat: Bread ration      |     2 |       ||     2
